Map: Catalyst LE

Players

BackupJ (Kas) - Winner!

  • Race: Terran Terran
  • Spawn Location: 5:00

HeltEn

  • Race: Terran Terran
  • Spawn Location: 11:00

Event: WCS Leipzig 2018

VOD

Have the link to the VOD?

Description

Time

  • Played on: Jan. 26, 2018, 10:34 a.m.
  • Length: 23:21

All games in this series

Show
View Real Time Build Order
Export as new Build Order

BackupJ Terran - Winner!

Build Orders: Cyclone Opening, Gas First Reaper Expand, Reaper Expand, MMM Bio, Cyclone Timing 

Get SALT Encoding   

  12  0:01  SCV  
  13  0:13  SCV  
  14  0:17  Supply Depot  
  14  0:25  SCV  
  14  0:28  Refinery  
  15  0:39  SCV  
  16  0:45  Barracks  
  16  0:51  SCV  
  17  1:03  SCV  
  18  1:15  SCV  
  19  1:31  Orbital Command  
  19  1:32  Reaper  
  20  1:46  Command Center  
  20  1:57  Factory  
  20  2:01  SCV  
  20  2:07  Barracks Reactor  
  21  2:10  Refinery  
  21  2:13  SCV  
  22  2:21  Supply Depot  
  22  2:26  SCV  
  23  2:42  SCV, Cyclone  
  23  2:43  Marine x2  
  29  2:54  SCV  
  30  2:59  Orbital Command  
  30  3:03  Starport  
  30  3:08  Marine  
  30  3:09  Marine  
  32  3:16  SCV  
  32  3:22  Cyclone  
  32  3:25  SCV  
  36  3:31  Marine x2  
  37  3:35  SCV  
  37  3:38  SCV  
  37  3:40  Medivac  
  41  3:45  Supply Depot  
  41  3:47  SCV  
  42  3:50  SCV  
  42  3:53  Marine x2  
  46  4:02  SCV  
  46  4:06  SCV, Cyclone, Engineering Bay  
  50  4:11  Viking  
  52  4:22  SCV  
  53  4:25  SCV, Supply Depot  
  53  4:27  Barracks Tech Lab  
  54  4:37  Barracks x2  
  54  4:43  SCV  
  52  4:46  Cyclone  
  45  4:57  Marine  
  36  5:01  SCV  
  36  5:02  SCV, Stimpack  
  36  5:06  Starport Reactor  
  29  5:13  SCV  
  30  5:14  SCV  
  30  5:15  Marine  
  30  5:19  Factory Tech Lab  
  30  5:20  Bunker  
  32  5:25  SCV  
  32  5:27  SCV  
  34  5:32  Marine  
  35  5:38  Siege Tank  
  35  5:39  SCV  
  35  5:41  SCV  
  40  5:43  Terran Infantry Weapons Level 1  
  40  5:51  SCV  
  40  5:52  Marine  
  40  5:53  SCV  
  43  6:00  Marine  
  43  6:01  Marine, Starport Reactor  
  43  6:02  Marine x2  
  43  6:03  SCV  
  48  6:08  Orbital Command  
  48  6:10  Marine  
  38  6:18  Marine  
  38  6:19  Marine  
  38  6:20  Marine  
  38  6:22  Siege Tank  
  44  6:27  Marine  
  44  6:28  Marine  
  36  6:36  Marine  
  36  6:37  Marine  
  36  6:38  Marine  
  34  6:41  Orbital Command  
  34  6:44  SCV  
  34  6:45  Medivac, Marine  
  34  6:46  Marine  
  38  6:54  Marine  
  38  6:55  Marine  
  38  6:57  SCV, Siege Tank, Marine  
  45  7:02  Marine  
  45  7:04  Marine  
  47  7:08  SCV  
  47  7:09  SCV  
  47  7:12  Marine x2  
  51  7:17  Marine  
  51  7:19  Combat Shields  
  51  7:20  Marine  
  51  7:21  SCV, Marine  
  55  7:23  SCV  
  55  7:27  Supply Depot  
  56  7:33  SCV  
  56  7:34  Marine x2  
  56  7:35  Marine  
  60  7:38  Marine  
  60  7:41  Terran Infantry Armor Level 1  
  60  7:43  SCV  
  62  7:49  SCV, Marine  
  64  7:52  Supply Depot, Marine  
  64  7:54  Supply Depot  
  64  7:55  SCV  
  64  7:58  Marine x2  
  68  8:01  SCV, Marine  
  70  8:13  SCV, Marine, Siege Tank  
  63  8:23  SCV  
  63  8:26  Marine  
  56  8:29  Marine x3  
  56  8:31  Marauder  
  56  8:32  Medivac  
  56  8:33  SCV  
  64  8:35  SCV  
  64  8:36  Refinery  
  64  8:40  Supply Depot  
  65  8:41  Supply Depot  
  65  8:44  Marine  
  65  8:45  SCV  
  65  8:47  Marine x2  
  69  8:48  Marine  
  69  8:52  Marine  
  71  9:02  SCV, Marine  
  73  9:03  SCV, Siege Tank  
  73  9:05  Marine x2  
  73  9:06  Marine  
  80  9:10  Marine  
  81  9:17  SCV  
  81  9:19  Marine  
  81  9:22  Command Center, Marine  
  78  9:32  Marine x2  
  78  9:33  Marauder  
  78  9:37  Marine  
  78  9:40  SCV  
  78  9:41  Marine  
  80  9:50  Marine x2  
  80  9:52  SCV  
  83  9:53  Supply Depot x2  
  83  9:54  Marauder  
  83  9:59  Siege Tank  
  88  10:02  Barracks  
  86  10:15  Marauder  
  77  10:23  Marine x3  
  78  10:30  Medivac x2, Barracks  
  79  10:37  SCV  
  79  10:39  SCV  
  81  10:48  Marine x2  
  81  10:49  Marine x2, Marauder  
  90  10:50  Barracks Tech Lab, Siege Tank  
  90  10:53  SCV  
  91  10:59  Medivac  
  93  11:06  Orbital Command, Marine x2  
  93  11:10  Marauder  
  97  11:20  Barracks Tech Lab  
  97  11:21  Marine, Marauder  
  97  11:24  Siege Tank  
  97  11:25  Armory  
  103  11:27  SCV x2  
  104  11:33  Medivac  
  104  11:37  Marauder  
  104  11:38  Marine  
  108  11:43  Marauder  
  110  11:47  Marauder  
  110  11:57  Siege Tank  
  111  12:03  Marauder  
  111  12:04  Marauder, Marine x4  
  121  12:08  Marauder  
  121  12:17  Terran Infantry Weapons Level 2  
  121  12:22  Marine x2  
  123  12:25  Marauder x2  
  123  12:29  Siege Tank  
  130  12:31  Marine, Marauder  
  130  12:34  Supply Depot  
  130  12:35  Supply Depot x2  
  130  12:36  Marine  
  133  12:56  Marine x3, Marauder x2  
  133  12:58  Sensor Tower  
  140  12:59  Engineering Bay  
  140  13:01  SCV  
  141  13:09  Supply Depot x2  
  141  13:14  SCV x2  
  135  13:40  Marine  
  135  13:41  Siege Tank, Marauder x3, Marine x2  
  129  13:44  SCV  
  129  13:48  Marine  
  129  13:53  Barracks  
  129  13:55  Barracks  
  115  13:58  Marine x2  
  115  14:02  Marauder x3, Marine  
  104  14:06  Marine  
  104  14:15  Terran Infantry Armor Level 2  
  104  14:16  Marine  
  103  14:20  Marine x2  
  103  14:22  Medivac, Siege Tank  
  103  14:23  Marine, Marauder x2  
  115  14:38  Concussive Shells, Marine  
  115  14:39  Marine x2  
  115  14:41  Barracks Tech Lab  
  115  14:42  Marauder  
  115  14:45  Refinery, Marauder  
  122  14:47  Refinery x2, SCV x3  
  122  14:48  Marauder  
  127  14:54  Siege Tank  
  126  15:11  Marine x2, Marauder x2  
  132  15:16  Medivac  
  132  15:18  SCV  
  135  15:24  Marine, Marauder x2  
  135  15:28  Marine x2  
  140  15:29  Marine  
  140  15:33  Marauder x2  
  140  15:34  Supply Depot, Command Center  
  140  15:35  Supply Depot  
  147  15:36  Supply Depot  
  147  15:41  Starport  
  147  15:44  Starport  
  147  15:45  SCV x2  
  147  15:48  SCV  
  150  15:50  Marauder  
  152  15:57  SCV  
  152  15:58  Viking x2  
  152  16:02  Marauder x2  
  161  16:06  SCV x2  
  161  16:10  Liberator  
  163  16:11  Liberator  
  163  16:20  Starport Reactor  
  163  16:25  Refinery  
  163  16:28  Refinery  
  169  16:34  SCV  
  170  16:44  SCV  
  169  16:55  Planetary Fortress  
  169  16:59  Command Center  
  163  17:02  SCV x3  
  166  17:13  Viking x2  
  170  17:23  SCV x3  
  173  17:34  Viking x3  
  173  17:35  SCV  
  180  17:45  Marine x2  
  180  17:46  Marauder x2  
  180  17:48  Viking x2  
  188  17:54  Marauder x2  
  183  18:01  Liberator  
  181  18:14  Viking  
  177  18:25  Terran Infantry Weapons Level 3, Terran Infantry Armor Level 3  
  177  18:26  Marine, Marauder  
  172  18:30  Marine, Marauder  
  174  18:37  SCV x3, Planetary Fortress  
  174  18:39  SCV  
  176  18:53  Marine x3, Marauder x2  
  176  18:55  Viking x2  
  187  18:56  Viking  
  188  19:08  Terran Vehicle And Ship Armor Level 1  
  175  19:16  Marauder  
  174  19:21  Medivac x2  
  174  19:23  SCV  
  176  19:34  Liberator x2  
  176  19:36  Viking x2  
  176  19:38  Viking  
  182  19:45  Marauder x2, Marine x2  
  186  19:46  Marine x3  
  186  19:48  SCV  
  186  19:49  Refinery  
  186  19:50  Refinery  
  198  20:06  SCV x2  
  200  20:20  Liberator x3  
  200  20:21  Liberator x2  
  179  20:33  Marine x3, Marauder x3  
  185  20:47  Marauder  
  167  20:58  Marauder, Siege Tank, Marine  
  167  20:59  Marauder x2  
  167  21:00  Marine  
  167  21:03  Liberator x3  
  159  21:06  Marine  
  159  21:09  Marauder, Marine x2  
  137  21:20  Marauder x2  
  150  21:29  SCV x3  
  150  21:31  SCV  
  154  21:34  SCV  
  154  21:35  Marauder  
  154  21:37  Marine x2, Marauder  
  161  21:41  Marauder  
  161  21:43  SCV  
  161  21:46  SCV  
  165  21:49  SCV  
  165  21:50  Marauder  
  165  21:51  Barracks Tech Lab  
  168  21:57  Marauder  
  168  21:58  SCV x2, Marauder, Sensor Tower  
  168  21:59  Liberator  
  168  22:01  Cyclone  
  177  22:04  Marine, Marauder  
  179  22:08  Marine  
  179  22:09  Marine  
  179  22:14  Medivac x2  
  185  22:17  SCV  
  189  22:24  SCV  
  189  22:33  Cyclone, Marine x3, Marauder x2  
  199  22:48  SCV  
  200  22:54  Command Center  
Show
View Real Time Build Order
Export as new Build Order

HeltEn Terran 

Build Orders: Cyclone Opening, Mech 

Get SALT Encoding   

  12  0:00  SCV  
  13  0:12  SCV  
  14  0:17  Supply Depot  
  14  0:25  SCV  
  15  0:29  Refinery  
  15  0:39  SCV  
  16  0:44  Barracks  
  16  0:51  SCV  
  16  0:55  Refinery  
  17  1:03  SCV  
  18  1:16  SCV  
  19  1:33  Orbital Command, Factory  
  19  1:35  Reaper  
  20  1:44  Supply Depot  
  20  1:58  SCV  
  21  2:07  Reaper  
  22  2:11  SCV  
  23  2:17  Cyclone  
  26  2:23  SCV  
  26  2:24  Supply Depot  
  27  2:37  SCV  
  27  2:40  Barracks Reactor  
  28  2:49  Cyclone  
  31  2:59  Command Center  
  31  3:03  SCV  
  32  3:16  SCV  
  32  3:28  SCV  
  33  3:36  Cyclone x2  
  33  3:40  Supply Depot  
  39  3:44  SCV  
  40  3:56  SCV  
  41  4:08  Cyclone x2  
  47  4:10  SCV  
  47  4:13  Orbital Command  
  48  4:29  SCV  
  48  4:40  Cyclone x2  
  54  4:49  SCV x2  
  46  5:01  SCV  
  46  5:03  SCV  
  48  5:12  Refinery, Cyclone x2  
  54  5:17  SCV x2  
  56  5:23  Refinery  
  56  5:25  Supply Depot  
  56  5:34  SCV x2  
  58  5:44  Command Center  
  58  5:47  SCV  
  58  5:48  SCV  
  60  5:52  Factory  
  60  6:08  SCV x2  
  60  6:09  Cyclone x2  
  65  6:31  SCV x2  
  61  6:41  Cyclone x2  
  61  6:42  Factory Tech Lab  
  64  6:51  SCV x2  
  66  6:56  Orbital Command  
  66  6:59  Barracks Tech Lab, Factory  
  66  7:00  Starport  
  66  7:03  SCV x2  
  66  7:05  Siege Tank  
  69  7:15  SCV  
  69  7:19  Hellion x2  
  69  7:21  SCV  
  71  7:27  SCV  
  72  7:31  Factory  
  72  7:32  Armory, Factory  
  72  7:37  SCV  
  72  7:38  Starport Reactor  
  72  7:39  SCV  
  72  7:40  Orbital Command  
  74  7:49  Hellion x2  
  78  7:52  Refinery  
  78  7:55  SCV x2, Refinery  
  80  8:00  Siege Tank x2  
  86  8:07  SCV x2  
  86  8:09  Supply Depot  
  86  8:11  SCV  
  86  8:12  Supply Depot  
  89  8:19  SCV  
  80  8:20  SCV  
  80  8:26  Hellion  
  81  8:30  SCV  
  81  8:32  SCV, Siege Tank x2  
  89  8:35  Factory Tech Lab, Factory Reactor, Viking  
  89  8:40  Viking  
  89  8:41  SCV  
  94  8:43  SCV  
  94  8:48  Hellion x2  
  99  8:53  SCV x2  
  101  8:55  SCV  
  101  8:58  Terran Vehicle Weapons Level 1  
  101  9:00  Engineering Bay  
  101  9:02  Siege Tank  
  105  9:05  SCV x2  
  108  9:13  Supply Depot  
  108  9:16  Supply Depot  
  108  9:17  SCV  
  108  9:20  Supply Depot x2  
  108  9:21  Supply Depot  
  108  9:26  Viking  
  92  9:32  Siege Tank  
  92  9:33  Hellion x2, Siege Tank  
  84  9:46  Hellion x2, Siege Tank  
  87  9:53  Viking  
  87  9:56  Viking  
  89  10:07  Siege Tank  
  89  10:08  Siege Tank  
  92  10:21  Siege Tank  
  91  10:27  Supply Depot  
  91  10:29  Supply Depot  
  91  10:31  Viking  
  93  10:39  Viking  
  97  10:44  Liberator  
  95  10:59  Command Center  
  100  11:04  Hellion  
  100  11:09  Hellion  
  102  11:16  Terran Vehicle Weapons Level 2  
  102  11:27  Hellion, Siege Tank  
  107  11:33  Siege Tank  
  110  11:40  Hellion  
  107  11:51  Siege Tank  
  107  11:52  Hellion x2  
  114  12:06  Hellion x2, Siege Tank  
  121  12:12  Hellion x2, Orbital Command  
  121  12:14  Hellion x2  
  119  12:18  Siege Tank  
  122  12:28  Siege Tank  
  125  12:38  Siege Tank  
  126  12:52  Command Center  
  126  12:57  Siege Tank  
  129  13:00  Refinery  
  129  13:01  Refinery, Hellion x4  
  129  13:02  Infernal Pre-Igniter, Siege Tank  
  140  13:07  Viking  
  142  13:14  Siege Tank  
  145  13:20  Supply Depot  
  145  13:21  Hellion x2, Supply Depot  
  125  13:43  Hellion x2, Siege Tank  
  125  13:46  Hellion x3  
  123  13:58  Siege Tank  
  114  14:04  Hellion  
  114  14:05  Hellion  
  114  14:07  Hellion, Siege Tank  
  123  14:15  Siege Tank  
  123  14:25  Refinery, Viking x2  
  127  14:32  Siege Tank  
  127  14:33  Hellion x2  
  127  14:37  Hellion  
  136  14:39  SCV  
  136  14:40  SCV  
  138  14:50  Hellion  
  140  14:58  Hellion  
  140  14:59  Hellion, Siege Tank  
  147  15:03  Hellion  
  139  15:16  Terran Vehicle Weapons Level 3  
  139  15:19  SCV, Missile Turret  
  139  15:21  Missile Turret  
  140  15:23  SCV  
  140  15:25  Orbital Command  
  141  15:34  Siege Tank  
  142  15:37  Sensor Tower  
  142  15:42  Siege Tank x2  
  148  15:53  Hellion x4  
  156  16:01  SCV x2  
  156  16:02  SCV  
  159  16:05  SCV  
  159  16:07  Hellion x4  
  160  16:13  SCV  
  160  16:17  Siege Tank  
  170  16:20  Viking x2  
  170  16:23  Thor  
  170  16:24  Starport  
  170  16:25  Starport  
  174  16:26  Thor  
  178  16:41  Armory  
  178  16:45  Command Center  
  180  16:47  Hellion  
  180  17:00  Thor  
  180  17:01  Viking  
  180  17:20  Thor x2  
  192  17:41  Viking x3  
  192  17:42  Viking  
  200  17:51  Hellion x8  
  193  18:11  Viking x2  
  190  18:15  Hellion x2  
  182  18:29  Sensor Tower  
  182  18:41  Missile Turret  
  182  18:42  Hellion x2, Command Center, Missile Turret  
  182  18:43  Hellion  
  182  18:44  Missile Turret, Thor  
  182  18:45  Thor  
  200  19:09  Viking  
  192  19:10  Viking x3  
  195  19:22  Liberator  
  181  19:32  Hellion x2, Siege Tank  
  181  19:35  Thor  
  181  19:37  Orbital Command  
  192  19:40  Viking x2  
  193  19:48  Hellion x4  
  193  19:55  Orbital Command  
  199  20:07  Hellion x3  
  199  20:08  Liberator x2  
  199  20:11  Sensor Tower  
  189  20:34  Hellion x2, Siege Tank x2  
  168  20:35  Hellion  
  144  20:58  Siege Tank  
  144  21:00  Viking x2  
  141  21:05  Factory  
  141  21:07  Orbital Command  
  141  21:08  Factory  
  123  21:31  Liberator x2  
  123  21:43  Siege Tank  
  126  21:47  Viking x2  
  126  21:48  Factory x2  
  136  22:02  Factory Tech Lab, Factory Reactor  
  136  22:19  Viking x2  
  140  22:25  Thor  
  140  22:31  Viking  
  140  22:36  Factory Tech Lab, Factory Reactor  
  138  22:47  Hellion  
  138  22:50  Hellion  
  148  22:58  Sensor Tower  
Tags
 
Add a new tag
Caveats
  • Supply blocks, unpowered buildings, or Contaminate may cause inaccurate times.
  • Supply counts are checked every 10 seconds.